 Dungeon Crawl Stone Soup version 0.27-a0-445-gbe96e517c0 (webtiles) character file.

Game seed: 15261799725275513932

91 Gaff the Sneak (level 4, 0/27 HPs)
             Began as a Kobold Brigand on Feb 27, 2021.
             Slain by an orc
             ... wielding a +0 mace
              (2 damage)
             ... on level 3 of the Dungeon.
             The game lasted 00:04:01 (2670 turns).

Gaff the Sneak (Kobold Brigand)                     Turns: 2670, Time: 00:04:01

Health: 0/27       AC:  5    Str:  8    XL:     4   Next: 88%
Magic:  4/4        EV: 15    Int: 12    God:
Gold:   66         SH:  0    Dex: 17    Spells: 3/3 levels left

rFire    . . .     SeeInvis .   a - +2 dagger
rCold    . . .     Faith    .   (shield restricted)
rNeg     . . .     Spirit   .   b - +0 robe
rPois    .         Reflect  .   h - +1 helmet
rElec    .         Harm     .   c - +0 cloak
rCorr    .         Rampage  .   (no gloves)
Will     .....                  (no boots)
Stlth    +++++.....             (no amulet)
HPRegen  0.09/turn              (no ring)
MPRegen  0.09/turn              (no ring)

@: no status effects
A: small, nightstalker 3
a: no special abilities


You were on level 3 of the Dungeon.
You visited 1 branch of the dungeon, and saw 3 of its levels.

You collected 66 gold pieces.

Inventory:

Hand Weapons
 a - a +2 dagger (weapon)
 n - a +0 hunting sling
Missiles
 d - 8 poisoned darts
 e - 2 curare-tipped darts
 k - 29 sling bullets
 q - 30 stones
 t - 2 boomerangs (quivered)
 v - 3 atropa-tipped darts
Armour
 b - a +0 robe (worn)
 c - a +0 cloak (worn)
 h - a +1 helmet (worn)
 j - a +0 leather armour
Wands
 x - a wand of charming (11)
Scrolls
 g - 3 scrolls of random uselessness {unknown}
 l - a scroll of magic mapping {unknown}
 o - a scroll of teleportation {unknown}
 p - a scroll of amnesia {unknown}
 u - a scroll of immolation {unknown}
 w - 2 scrolls of identify {unknown}
Potions
 f - a potion of cancellation {unknown}
 i - a potion of haste {unknown}
 m - a potion of curing {unknown}
 r - a potion of attraction {unknown}
 s - a potion of heal wounds {unknown}


   Skills:
 + Level 2.5 Fighting
 + Level 3.4 Short Blades
 + Level 2.2 Throwing
 * Level 2.2 Dodging
 - Level 7.0 Stealth


You had 3 spell levels left.
You didn't know any spells.
Your spell library was empty.

Dungeon Overview and Level Annotations

Branches:
Dungeon (3/15)

Altars:


Innate Abilities, Weirdness & Mutations

You are small and have problems with some larger weapons.
You are completely attuned to the shadows.


Message History

There is a stone staircase leading up here.
The helpless rat fails to defend itself.
You perforate the rat like a sieve!!!
You kill the rat!
You see here a rat corpse.
A goblin comes into view. It is wielding a +0 dagger.
The helpless goblin fails to defend itself.
You spit the goblin like a pig!!!
You kill the goblin!
You see here a +0 dagger.
An orc comes into view. It is wielding a +0 trident.
An orc comes into view. It is wielding a +0 mace.
The orc shouts! x2; You hear a shout! x2
The orc completely misses you.
You hit the orc.
The orc is heavily wounded.
The orc completely misses you.
You hit the orc.
The orc is almost dead.
The orc closely misses you.
The orc hits you from afar with a +0 trident.
You barely miss the orc. The orc barely misses you. The orc misses you.
You hit the orc but do no damage. The orc hits you with a +0 mace.
You barely miss the orc. The orc closely misses you.
You barely miss the orc. The orc barely misses you. The orc closely misses you.
You barely miss the orc. The orc barely misses you.
You barely miss the orc. The orc misses you.
You hit the orc.
The orc is lightly wounded.
The orc hits you from afar with a +0 trident!
The orc barely misses you.
You barely miss the orc.
The orc is lightly wounded.
The orc hits you but does no damage. The orc hits you with a +0 mace!
You hit the orc but do no damage.
The orc is lightly wounded.
The orc hits you from afar with a +0 trident!
* * * LOW HITPOINT WARNING * * *
The orc hits you with a +0 mace.
You die...

##.####†#.###
#......#.# #
######.########
............#
###########.#
#.# #.# #)# ..#
#.# ..#
#@###..##
#.o.o....
######..# .# #


You could see 2 orcs.

Vanquished Creatures
  Jessica (D:2)
  2 adders (D:2)
  An ooze (D:1)
  A worm (D:2)
  2 giant cockroaches
  5 hobgoblins (D:2)
  A quokka (D:2)
  A ball python (D:1)
  5 bats (D:2)
  3 frilled lizards
  5 goblins
  9 kobolds
  3 rats
39 creatures vanquished.

Notes
Turn   | Place    | Note
-------+----------+-------------------------------------------
     0 | D:1      | Gaff the Kobold Brigand began the quest for the Orb.
     0 | D:1      | Reached XP level 1. HP: 12/12 MP: 1/1
   456 | D:1      | Reached XP level 2. HP: 14/17 MP: 2/2
   723 | D:1      | Reached skill level 6 in Stealth
  1121 | D:2      | Found a faded altar of an unknown god.
  1192 | D:2      | Reached XP level 3. HP: 6/22 MP: 3/3
  1462 | D:2      | Noticed Jessica
  1464 | D:2      | Killed Jessica
  1465 | D:2      | Reached XP level 4. HP: 27/27 MP: 4/4
  1875 | D:2      | Reached skill level 7 in Stealth
  2670 | D:3      | Slain by an orc

Illustrated notes

Levels and vault maps discovered:
D:1:      lightli_arrival_lavapool, layout_loops_corners
D:2:      layout_loops_corners, chequers_ecumenical_altar_simple, uniq_jessica
D:3:      minmay_recursive_quarters, layout_basic, gup_sewer_entry_bowl,
          uniq_sigmund

Skill      XL: |  1  2  3  4 |
---------------+-------------+-----
Stealth        | 6 7 |  7.0
Short Blades   | 3 |  3.4
Dodging        | 2 |  2.2
Fighting       | |  2.5
Throwing       | |  2.2

Action                   |  1- 3 |  4- 6 || total
-------------------------+-------+-------++-------
Melee: Dagger            |    68 |    64 ||   132
 Stab: Sleeping          |     9 |    11 ||    20
Armor: Robe              |    12 |     8 ||    20
Dodge: Dodged            |    35 |    49 ||    84

Table legend: (Time is in decaauts)
 A = Elapsed time spent in this place.
 B = Non-inter-level travel time spent in this place.
 C = Inter-level travel time spent in this place.
 D = Time resting spent in this place.
 E = Time spent auto-exploring this place.
 F = Levels seen in this place.
 G = Mean time per level.
                   A        B        C        D        E       F      G
               +--------+--------+--------+--------+--------+-----+--------+
         Total |   2649 |   2615 |     34 |    415 |   1859 |   3 |  883.0 |
       Dungeon |   2649 |   2615 |     34 |    415 |   1859 |   3 |  883.0 |
               +--------+--------+--------+--------+--------+-----+--------+

Top non-repeatable levels by time:
     D:2: 1497 daAuts
     D:1: 1114 daAuts
     D:3: 37 daAuts
